 Dungeon Crawl Stone Soup version 0.24.1-4-ge52af88ad5 (webtiles) character file.

Game seed: 3734682037824482938, levelgen mode: deterministic

105394 MajorAdolf the Severer (level 16, -7/146 HPs)
             Began as a Naga Wanderer on Apr 12, 2020.
             Was an Initiate of Gozag.
             Mangled by a white very ugly thing (14 damage)
             ... on level 3 of the Abyss.
             The game lasted 01:11:37 (31154 turns).

MajorAdolf the Severer (Naga Wanderer)             Turns: 31154, Time: 01:11:37

Health: -7/146     AC: 32    Str: 22    XL:     16   Next: 41%
Magic:  25/25      EV:  8    Int: 14    God:    Gozag
Gold:   1511       SH: 17    Dex: 15    Spells: 15/15 levels left

rFire    . . .     SeeInvis +   N - +3 broad axe (vamp)
rCold    . . .     Gourm    .   J - +0 large shield
rNeg     + . .     Faith    .   w - +6 scale mail "Coymiti" {rPois Slay+3}
rPois    +         Spirit   .   p - +1 hat
rElec    .         Reflect  .   S - +2 cloak
rCorr    .         Harm     .   A - +2 pair of gloves {Dex+3}
MR       ++...                  M - +2 naga barding
Stlth    +++.......             (no amulet)
HPRegen  0.34/turn              H - ring of Sorr {+Inv rN+ Dex+3}
MPRegen  0.19/turn              T - +2 ring of slaying

@: gold aura, very slow
A: large, see invisible, deformed body, poison resistance, slowness 2, slow
metabolism 1, spit poison 1, constrict 1, AC +5
a: Spit Poison, Potion Petition, Call Merchant, Bribe Branch, Renounce Religion,
Evoke Invisibility


You were on level 3 of the Abyss.
You worshipped Gozag.
Gozag was most pleased with you.
You were hungry.

You visited 4 branches of the dungeon, and saw 21 of its levels.
You visited the Abyss 2 times.

You collected 9759 gold pieces.
You spent 6282 gold pieces at shops.
You paid 1966 gold pieces to Gozag.

Inventory:

Hand Weapons
 s - a +4 battleaxe of freezing
 N - a +3 vampiric broad axe (weapon)
Armour
 p - a +1 hat (worn)
 w - the +6 scale mail "Coymiti" (worn) {rPois Slay+3}
   (You bought it in a shop on level 2 of the Orcish Mines)

   It affects your accuracy and damage with ranged weapons and melee attacks
   (+3).
   It protects you from poison.
 A - a +2 pair of gloves of dexterity (worn)
 J - a +0 large shield (worn)
 M - a +2 naga barding (worn)
 R - the +2 ring mail of Dithmenos's Delight {rC++ Dex+4}
   (You bought it in a shop on level 10 of the Dungeon)

   It affects your dexterity (+4).
   It greatly protects you from cold.
 S - a +2 cloak (worn)
Jewellery
 m - an uncursed ring of ice
 H - the ring of Sorr (left hand) {+Inv rN+ Dex+3}
   (You bought it in a shop on level 1 of the Orcish Mines)

   [ring of positive energy]

   It affects your dexterity (+3).
   It protects you from negative energy.
   It lets you turn invisible.
 T - a +2 ring of slaying (right hand)
 Y - an uncursed amulet of the acrobat {unknown}
Wands
 b - a wand of paralysis (22)
 c - a wand of flame (45)
 e - a wand of scattershot (9)
 h - a wand of enslavement (10)
 q - a wand of polymorph (6)
 r - a wand of iceblast (22)
 t - a wand of acid (14)
 u - a wand of random effects (25)
 P - a wand of clouds (4)
 X - a wand of disintegration (6)
Scrolls
 g - 3 scrolls of remove curse
 l - a scroll of vulnerability
 n - 7 scrolls of teleportation
 x - 5 scrolls of fog
 C - 2 scrolls of immolation
 D - 2 scrolls of identify
 F - a scroll of torment {unknown}
 G - 6 scrolls of magic mapping
 O - a scroll of enchant armour
 U - a scroll of holy word
 V - a scroll of fear
 W - 3 scrolls of blinking {unknown}
Potions
 a - 2 potions of brilliance
 d - a potion of ambrosia {unknown}
 j - 3 potions of flight
 k - a potion of invisibility
 o - 2 potions of haste
 v - 2 potions of agility
 z - 4 potions of resistance
 B - 2 potions of lignification
 E - a potion of cancellation {unknown}
 I - 6 potions of curing
 L - 2 potions of magic
 Q - 2 potions of heal wounds
Miscellaneous
 i - a sack of spiders
 y - a box of beasts
 K - a lamp of fire
Comestibles
 f - 8 rations


   Skills:
 + Level 9.9 Fighting
   Level 2.0 Long Blades
 + Level 15.6 Axes
 + Level 9.2 Armour
 + Level 8.2 Dodging
 + Level 10.2 Stealth
 * Level 8.5 Shields
 + Level 12.8 Evocations


You had 15 spell levels left.
You didn't know any spells.
Your spell library contained the following spells:

 Spells                   Type           Power        Failure   Level  Hunger
 Animate Skeleton         Necr           N/A          95%         1    ##.....
 Corona                   Hex            #......      95%         1    ##.....
 Flame Tongue             Conj/Fire      #....        95%         1    ##.....
 Pain                     Necr           #...         95%         1    ##.....
 Summon Small Mammal      Summ           #...         95%         1    ##.....
 Call Imp                 Summ           #.......     99%         2    ###....
 Ensorcelled Hibernation  Hex/Ice        #.....       99%         2    ###....
 Slow                     Hex            #.......     99%         2    ###....
 Throw Flame              Conj/Fire      #.....       99%         2    ###....
 Call Canine Familiar     Summ           #.......     100%        3    ####...
 Confuse                  Hex            #.......     100%        3    ####...
 Conjure Flame            Conj/Fire      #.......     100%        3    ####...
 Dazzling Spray           Conj/Hex       #.....       100%        3    ####...
 Ignite Poison            Fire/Tmut/Pois #.......     100%        3    ####...
 Inner Flame              Hex/Fire       #.......     100%        3    ####...
 Portal Projectile        Hex/Tloc       #.....       100%        3    ####...
 Regeneration             Chrm/Necr      #.........   100%        3    ####...
 Summon Guardian Golem    Hex/Summ       #.......     100%        3    ####...
 Tukima's Dance           Hex            #.......     100%        3    ####...
 Vampiric Draining        Necr           #.........   100%        3    ####...
 Animate Dead             Necr           N/A          100%        4    #####..
 Cause Fear               Hex            #.........   100%        4    #####..
 Leda's Liquefaction      Hex/Erth       #.........   100%        4    #####..
 Sticky Flame             Conj/Fire      #.......     100%        4    #####..
 Summon Ice Beast         Ice/Summ       #.......     100%        4    #####..
 Summon Lightning Spire   Summ/Air       #.......     100%        4    #####..
 Bolt of Magma            Conj/Fire/Erth #.........   100%        5    ######.
 Fireball                 Conj/Fire      #.........   100%        5    ######.
 Iskenderun's Battlesphe  Conj/Chrm      #.......     100%        5    ######.
 Venom Bolt               Conj/Pois      #.........   100%        5    ######.
 Bolt of Fire             Conj/Fire      #.........   100%        6    #######
 Iron Shot                Conj/Erth      #.........   100%        6    #######
 Orb of Destruction       Conj           #.........   100%        7    #######
 Ring of Flames           Chrm/Fire      #.........   100%        7    #######
 Spellforged Servitor     Conj/Summ      #.........   100%        7    #######
 Ignition                 Fire           #.........   100%        8    #######


Dungeon Overview and Level Annotations

Branches:
Dungeon (15/15)            Temple (1/1) D:7             Orc (2/2) D:10
    Elf (3/3) Orc:2        Vaults (0/5) D:13         Depths (0/5) D:15
   Lair: D:8-11

Altars:
Ashenzari
Cheibriados
Dithmenos
Elyvilon
Fedhas
Gozag
Hepliaklqana
Kikubaaqudgha
Makhleb
Nemelex Xobeh
Okawaru
Qazlal
Ru
Sif Muna
Trog
Uskayaw
Vehumet
Wu Jian
Xom
Yredelemnul
Zin
The Shining One

Shops:
D:4 (   D:10 [%   D:12 *?}   D:13 **!!   Orc:1 [*}=   Orc:2 [(*:

Annotations:
D:6 exclusion: two-headed ogre
Orc:1 3 runed translucent doors, droganthewolf's ghost, journeyman GrFi
Elf:1 3 runed translucent doors, exclusion: obsidian statue, KrasnyyBoyets's ghost, adept DDHu
Elf:2 5 runed translucent doors


Innate Abilities, Weirdness & Mutations

You cannot wear boots.
Your serpentine skin is tough. (AC +5)
You have supernaturally acute eyesight. (SInv)
Armour fits poorly on your strangely shaped body.
Your system is resistant to poisons. (rPois)
You cover ground very slowly.
You have a slow metabolism.
You can spit poison.
You can use your snake-like lower body to constrict enemies.


Message History

You barely miss the wretched star.
The wretched star is almost destroyed.
You closely miss the white very ugly thing.
The white very ugly thing is no longer distracted by gold.
Your shield and scale mail "Coymiti" prevent you from hitting the white ugly thing.
The white ugly thing gurgles horribly!
You slash the red ugly thing!
You feel better.
The white very ugly thing completely misses you.
Your shield prevents you from hitting the wretched star.
The wretched star is almost destroyed.
You slash the red ugly thing!
You feel better.
You barely miss the white ugly thing.
You hit the white very ugly thing but do no damage.
The white ugly thing stings you!
* * * LOW HITPOINT WARNING * * *
The white ugly thing freezes you!!
* * * LOW HITPOINT WARNING * * *
The white very ugly thing pecks you!
You die...
Your body crumbles into a pile of gold.

#..##. ....# # ..
....#..#....# #..
#..##.. .#.#......#
#x.#... $..##.#....
#...##.#.X§#....##..
#.. ..#u.#§... .#...
##...#.# .###...


#uu #.##..###u$# uu ##..#..# #@*# # .##x#.uu#.# # . ..##.#.#.. ###.# #.##....#
## .#. #...# ## # ###.# # ... ## .# You could see a white very ugly thing, a
wretched star and 2 ugly things.

Vanquished Creatures
  2 tentacled starspawn (Abyss:2)
  An Executioner (Abyss:3)
  Kirke (Elf:1)
  A deep elf sorcerer (Elf:1)
  An orc warlord (Orc:1)
  6 very ugly things
  Azrael (Elf:1)
  Snorg (D:14)
  A quicksilver dragon zombie (D:15)
  A catoblepas (D:13)
  2 vault guards (D:13)
  4 centaur warriors
  A death knight (D:15)
  5 two-headed ogres
  4 orc high priests (Orc:2)
  A vampire mage (D:14)
  2 wretched stars (Abyss:2)
  5 deep elf knights
  A sixfirhy (Abyss:2)
  8 unseen horrors
  7 skeletal warriors
  A golden dragon zombie (D:15)
  An unseen horror (shapeshifter) (Elf:1)
  2 wizards
  3 necromancers
  5 deep elf archers
  Pikel (D:4)
  An orb spider (Abyss:2)
  12 ugly things
  20 deep elf magi
  3 orc sorcerers
  3 cyclopes
  A fire giant zombie (D:15)
  A manticore (D:12)
  An apocalypse crab (Abyss:2)
  4 centaur zombies
  Maurice (Orc:2)
  2 gargoyles
  3 smoke demons
  2 orange demons (Abyss:2)
  6 kobold demonologists
  3 efreet
  3 ancient zymes (Abyss:2)
  A red devil (Abyss:2)
  2 freezing wraiths (D:15)
  6 trolls
  9 large abominations
  3 raiju (Abyss:3)
  A hornet (D:15)
  A hippogriff (D:14)
  10 slime creatures
  An air elemental (Elf:1)
  Sigmund (D:2)
  3 flying skulls (Abyss:2)
  3 shadows
  18 humans (D:13)
  2 wyverns
  4 wraiths
  A water elemental (Elf:1)
  15 yaks
  A basilisk (D:15)
  5 hogs (Elf:1)
  4 fire elementals (Elf:1)
  3 steam dragons
  A golden eye (shapeshifter) (Elf:2)
  11 vampire mosquitoes
  A neqoxec (Abyss:2)
  2 chaos spawn
  A warg (Orc:2)
  A soldier ant (D:13)
  2 acid dragons (D:15)
  A hell hound (Elf:1)
  A water moccasin (D:7)
  A porcupine (D:8)
  A water moccasin (shapeshifter) (D:14)
  23 orc warriors
  4 ice beasts
  4 sky beasts
  2 phantoms
  2 black bears
  6 ogres
  4 boggarts (D:14)
  14 centaurs
  2 big kobolds
  8 bullfrogs
  A wyvern zombie (D:14)
  3 small abominations (Abyss:2)
  3 earth elementals
  A scorpion (D:11)
  16 killer bees
  10 wights
  2 howler monkeys (D:9)
  7 crimson imps
  A bullfrog zombie (D:8)
  3 quasits
  6 hounds
  A jelly (D:7)
  5 bullfrog skeletons
  28 orc priests
  A gnoll shaman (D:7)
  6 centaur skeletons
  2 iron imps (Abyss:2)
  Natasha (twice) (D:2)
  33 orc wizards
  13 worker ants
  A killer bee zombie (D:6)
  A hound zombie (D:10)
  A hound skeleton (D:4)
  A mummy (D:7)
  A worker ant zombie (D:8)
  10 adders
  9 gnolls
  A white imp (Abyss:2)
  An ufetubus (Abyss:2)
  An ooze (D:5)
  2 adder skeletons
  2 worms (D:2)
  2 dart slugs
  4 leopard geckos
  57 orcs
  A ball python (D:1)
  6 giant cockroaches
  2 gnoll zombies (D:2)
  10 goblins
  8 hobgoblins
  14 jackals
  7 quokkas
  6 frilled lizards
  A jackal zombie (D:5)
  13 kobolds
  2 quokka skeletons
  4 rats
  A lurking horror (Abyss:2)
634 creatures vanquished.

Vanquished Creatures (others)
  8 dancing weapons
  2 deep elf archers (Elf:1)
  A deep troll skeleton (D:15)
  A human (D:2)
  A boggart (D:14)
  A leopard gecko (D:8)
  A jackal (D:4)
  A ball python (D:4)
  2 fungi (Elf:2)
  8 starspawn tentacles
26 creatures vanquished.

Grand Total: 660 creatures vanquished

Notes
Turn   | Place    | Note
-------+----------+-------------------------------------------
     0 | D:1      | MajorAdolf the Naga Wanderer began the quest for the Orb.
     0 | D:1      | MajorAdolf set off with the following items: a +2 dagger, a
                  | potion of berserk rage, a +0 spear, a +0 falchion, a +0
                  | robe, a ration
     0 | D:1      | Reached XP level 1. HP: 19/19 MP: 1/1
   417 | D:1      | Reached XP level 2. HP: 26/26 MP: 2/2
  1007 | D:2      | Reached XP level 3. HP: 16/32 MP: 3/3
  1483 | D:2      | Found a basalt altar of Yredelemnul.
  1817 | D:2      | Noticed Sigmund
  2133 | D:3      | Reached XP level 4. HP: 39/39 MP: 4/4
  2504 | D:4      | Reached XP level 5. HP: 21/45 MP: 5/5
  2680 | D:4      | Noticed a slave
  2681 | D:4      | Noticed a slave
  2681 | D:4      | Noticed a slave
  2682 | D:4      | Noticed Pikel
  2682 | D:4      | Noticed a slave
  3196 | D:2      | Found a shimmering blue altar of Sif Muna.
  3499 | D:2      | Reached skill level 1 in Evocations
  3767 | D:2      | Found an ancient bone altar of Kikubaaqudgha.
  3805 | D:2      | Killed Sigmund
  3805 | D:2      | Reached XP level 6. HP: 52/52 MP: 5/8
  3861 | D:2      | Found an ancient bone altar of Kikubaaqudgha.
  3862 | D:2      | Noticed a human
  3863 | D:2      | Killed a human
  3919 | D:2      | Noticed Natasha
  3923 | D:2      | Killed Natasha
  3986 | D:2      | Noticed Natasha
  4009 | D:2      | Killed Natasha
  4554 | D:3      | Found a stormy altar of Qazlal.
  4663 | D:3      | Found an ornate altar of the Wu Jian Council.
  4704 | D:4      | Killed Pikel
  4704 | D:4      | Reached XP level 7. HP: 52/62 MP: 10/10
  4845 | D:4      | Found Welufuig's Antique Weapon Shoppe.
  4855 | D:4      | Bought a hand axe for 75 gold pieces
  4889 | D:4      | Reached skill level 1 in Axes
  4889 | D:4      | Reached XP level 8. HP: 48/69 MP: 11/11
  5008 | D:4      | Reached skill level 2 in Axes
  5258 | D:4      | Reached skill level 3 in Axes
  5615 | D:5      | Entered Level 5 of the Dungeon
  5640 | D:5      | Reached skill level 4 in Axes
  6387 | D:5      | Reached skill level 5 in Axes
  6387 | D:5      | Reached skill level 5 in Evocations
  7422 | D:6      | Reached skill level 6 in Axes
  7422 | D:6      | Reached XP level 9. HP: 18/76 MP: 11/13
  8208 | D:6      | Noticed a two-headed ogre
  9905 | D:7      | Found a white marble altar of Elyvilon.
  9916 | D:7      | Found a staircase to the Ecumenical Temple.
  9999 | Temple   | Entered the Ecumenical Temple
 10235 | D:7      | Reached skill level 7 in Axes
 10338 | D:7      | Found a snail-covered altar of Cheibriados.
 10640 | D:7      | Found an opulent altar of Gozag.
 10641 | D:7      | Found a sparkling altar of Nemelex Xobeh.
 10748 | D:7      | Became a worshipper of Gozag Ym Sagoz the Greedy
 11256 | D:8      | HP: 1/76 [something (19)]
 11263 | D:8      | Reached skill level 8 in Axes
 11722 | D:8      | Noticed a death yak
 11863 | D:8      | Reached skill level 9 in Axes
 11866 | D:8      | Reached XP level 10. HP: 32/84 MP: 15/15
 12898 | D:9      | Found an opulent altar of Gozag.
 13028 | D:9      | Reached skill level 10 in Axes
 13036 | D:9      | Found a glowing silver altar of Zin.
 13232 | D:9      | Noticed a gargoyle
 13234 | D:9      | Killed a gargoyle
 13308 | D:9      | Noticed a two-headed ogre
 13316 | D:9      | Killed a two-headed ogre
 13447 | D:10     | Entered Level 10 of the Dungeon
 14013 | D:10     | Found Gigh's Food Shoppe.
 14073 | D:10     | Found Qoziuvi's Antique Armour Boutique.
 14120 | D:10     | Found a staircase to the Orcish Mines.
 14267 | D:10     | Identified 2 scrolls of acquirement
 14323 | D:10     | Bought a runed chain mail for 210 gold pieces
 14323 | D:10     | Bought a polished leather armour for 196 gold pieces
 14323 | D:10     | Bought a translucent ring mail for 252 gold pieces
 14323 | D:10     | Bought a runed cloak for 210 gold pieces
 14344 | D:10     | Identified the cursed +1 leather armour "Adghirch" {rF- rN+
                  | Str+2 Int+2 Slay+2} (You bought it in a shop on level 10 of
                  | the Dungeon)
 14355 | D:10     | Identified the +2 ring mail of Dithmenos's Delight {rC++
                  | Dex+4} (You bought it in a shop on level 10 of the Dungeon)
 14419 | D:11     | Reached skill level 11 in Axes
 14729 | D:12     | Bought a scroll of teleportation for 42 gold pieces
 14729 | D:12     | Bought a scroll of enchant weapon for 105 gold pieces
 14729 | D:12     | Bought a scroll of magic mapping for 49 gold pieces
 14729 | D:12     | Bought a scroll of holy word for 105 gold pieces
 14729 | D:12     | Bought a scroll of fear for 49 gold pieces
 14736 | D:12     | Bought a scroll of identify for 28 gold pieces
 14736 | D:12     | Bought a scroll of identify for 28 gold pieces
 14738 | D:12     | Bought a scroll of identify for 28 gold pieces
 14738 | D:12     | Bought a scroll of identify for 28 gold pieces
 14749 | D:12     | Bought a scroll of vulnerability for 105 gold pieces
 14749 | D:12     | Bought a scroll of enchant weapon for 105 gold pieces
 14751 | D:12     | Bought a wand of acid (10) for 392 gold pieces
 14751 | D:12     | Bought a wand of paralysis (7) for 126 gold pieces
 14751 | D:12     | Bought a wand of paralysis (11) for 182 gold pieces
 14751 | D:12     | Bought a wand of random effects (13) for 105 gold pieces
 14770 | D:12     | Noticed a skeletal warrior
 14771 | D:12     | Noticed a skeletal warrior
 14795 | D:11     | Killed a skeletal warrior
 14795 | D:11     | Reached XP level 11. HP: 11/90 MP: 17/17
 14803 | D:11     | HP: 4/90 [troll (10)]
 15103 | D:11     | Noticed a soul eater
 15108 | D:11     | Noticed a soul eater
 15121 | D:11     | Reached skill level 12 in Axes
 16133 | D:11     | Noticed an unseen horror
 16143 | D:11     | Reached skill level 5 in Armour
 16157 | D:11     | Killed an unseen horror
 16827 | D:12     | Noticed a manticore
 16922 | D:12     | Killed a manticore
 16990 | D:12     | Noticed a two-headed ogre
 17174 | D:12     | Killed a two-headed ogre
 17263 | D:12     | Noticed an unseen horror
 17293 | D:12     | Killed an unseen horror
 17293 | D:12     | Reached skill level 10 in Evocations
 17303 | D:12     | Noticed a skeletal warrior
 17310 | D:12     | Noticed a skeletal warrior
 17313 | D:12     | Killed a skeletal warrior
 17313 | D:12     | Reached XP level 12. HP: 17/102 MP: 19/19
 17317 | D:12     | Reached skill level 13 in Axes
 17647 | D:12     | Noticed a two-headed ogre
 17659 | D:12     | Killed a two-headed ogre
 17659 | D:12     | Reached skill level 5 in Fighting
 18653 | D:12     | Bought a lamp of fire for 560 gold pieces
 18686 | D:13     | Found Qaunleru's General Store.
 18694 | D:13     | Bought a +0 naga barding for 368 gold pieces
 18940 | D:13     | Found Pedu's Distillery.
 18963 | D:13     | Bought a potion of berserk rage for 75 gold pieces
 19318 | D:13     | Found Tamadif's Distillery.
 19417 | D:13     | Noticed a catoblepas
 19429 | D:13     | HP: 2/104 [catoblepas (10)]
 19432 | D:13     | Killed a catoblepas
 19664 | D:13     | Noticed a vault guard
 19672 | D:13     | Killed a vault guard
 19878 | D:13     | Reached skill level 5 in Dodging
 19895 | D:13     | Noticed a vault guard
 19896 | D:13     | Gained mutation: You can use your snake-like lower body to
                  | constrict enemies. [Naga growth]
 19896 | D:13     | Reached XP level 13. HP: 78/111 MP: 21/21
 19904 | D:13     | Killed a vault guard
 19904 | D:13     | Reached skill level 14 in Axes
 20305 | D:13     | Found a gate to the Vaults.
 20395 | D:13     | Found Luohuki's Assorted Antiques.
 20415 | D:13     | Bought a small pearl ring for 115 gold pieces
 20415 | D:13     | Bought a scroll labeled QUJYUPR AVESU for 23 gold pieces
 20415 | D:13     | Bought a potion of heal wounds for 115 gold pieces
 20636 | D:14     | Reached skill level 1 in Shields
 21355 | D:14     | Noticed Snorg
 21366 | D:14     | Killed Snorg
 21931 | D:15     | Entered Level 15 of the Dungeon
 21932 | D:15     | Found a staircase to the Depths.
 21988 | D:14     | Reached XP level 14. HP: 62/124 MP: 22/22
 23469 | D:15     | Reached skill level 5 in Shields
 24568 | Orc:1    | Entered Level 1 of the Orcish Mines
 24595 | Orc:1    | Found Uwuc Itz's Jewellery Shoppe.
 24602 | Orc:1    | Bought the ring of Sorr {+Inv rN+ Dex+3} for 685 gold
                  | pieces
 24643 | Orc:1    | Found Lawnyudgh's Gadget Boutique.
 24647 | Orc:1    | Bought a wand of paralysis (9) for 176 gold pieces
 24647 | Orc:1    | Bought a wand of iceblast (9) for 208 gold pieces
 24758 | Orc:1    | Found Uxzoom's General Store.
 24760 | Orc:1    | Found a runed translucent gate.
 24766 | Orc:1    | Bought a potion of heal wounds for 65 gold pieces
 24766 | Orc:1    | Bought a wand of iceblast (10) for 182 gold pieces
 24766 | Orc:1    | Bought a ration for 65 gold pieces
 24766 | Orc:1    | Bought a potion of curing for 39 gold pieces
 24770 | Orc:1    | Found a runed translucent gate.
 24771 | Orc:1    | Found a runed translucent gate.
 24771 | Orc:1    | Noticed droganthewolf's ghost (journeyman GrFi)
 24805 | Orc:1    | Found an iron altar of Okawaru.
 24839 | Orc:1    | Found Xash's Armour Boutique.
 24849 | Orc:1    | Bought a +2 pair of gloves of dexterity for 279 gold pieces
 25221 | Orc:2    | Entered Level 2 of the Orcish Mines
 25221 | Orc:2    | Noticed Maurice
 25233 | Orc:2    | Killed Maurice
 26150 | Orc:2    | Found Nodwakuj's Assorted Antiques.
 26150 | Orc:2    | Found Dib Qoas's Armour Boutique.
 26150 | Orc:2    | Found Wekhloko's Weapon Boutique.
 26163 | Orc:2    | Found Haihaseept's Book Shop.
 26168 | Orc:2    | Bought a potion of heal wounds for 130 gold pieces
 26170 | Orc:2    | Bought a scroll labeled SUEREUDESO for 26 gold pieces
 26256 | Orc:2    | Found a staircase to the Elven Halls.
 26268 | Orc:2    | Noticed an orc warlord
 26270 | Orc:2    | Paralysed by an orc sorcerer for 5 turns
 26422 | Orc:1    | Killed an orc warlord
 26422 | Orc:1    | Reached skill level 15 in Axes
 26900 | Orc:2    | Bought the +6 scale mail "Coymiti" {rPois Slay+3} for 751
                  | gold pieces
 26935 | Elf:1    | Entered Level 1 of the Elven Halls
 26935 | Elf:1    | Found a runed translucent gate.
 26935 | Elf:1    | Found a runed translucent gate.
 26935 | Elf:1    | Found a runed translucent gate.
 27044 | Elf:1    | Reached XP level 15. HP: 93/134 MP: 24/24
 27298 | Elf:1    | Noticed Kirke
 27315 | Elf:1    | Noticed a sphinx
 27317 | Elf:1    | Killed Kirke
 27657 | Elf:1    | Noticed Azrael
 27669 | Elf:1    | Killed Azrael
 27897 | Elf:1    | Found an opulent altar of Gozag.
 27902 | Elf:1    | Noticed KrasnyyBoyets's ghost (adept DDHu)
 27920 | Elf:1    | Noticed a deep elf sorcerer
 27928 | Elf:1    | Cast into level 2 of the Abyss (a deep elf sorcerer)
 27945 | Elf:1    | Escaped the Abyss
 27948 | Elf:1    | Killed a deep elf sorcerer
 28768 | Elf:2    | Found a frozen archway.
 29073 | Elf:2    | Found a huge runed translucent gate.
 29073 | Elf:2    | Found a huge runed translucent gate.
 29073 | Elf:2    | Found a huge runed translucent gate.
 29074 | Elf:2    | Found a huge runed translucent gate.
 29084 | Elf:2    | Found a huge runed translucent gate.
 29406 | Elf:3    | Entered Level 3 of the Elven Halls
 29408 | Elf:3    | Noticed an Executioner
 29408 | Elf:3    | Cast into level 2 of the Abyss (a deep elf demonologist)
 29538 | Abyss:2  | Noticed a lich
 29545 | Abyss:2  | Noticed a tentacled starspawn
 29817 | Abyss:2  | Noticed a tentacled starspawn
 29834 | Abyss:2  | Killed a tentacled starspawn
 29959 | Abyss:2  | Reached XP level 16. HP: 144/144 MP: 25/25
 29971 | Abyss:2  | Noticed a profane servitor
 30065 | Abyss:2  | Noticed a bone dragon
 30235 | Abyss:2  | Found a corrupted altar of Lugonu.
 30389 | Abyss:2  | Noticed a tentacled starspawn
 30400 | Abyss:2  | Killed a tentacled starspawn
 30534 | Abyss:2  | Reached skill level 10 in Stealth
 30741 | Abyss:3  | Noticed a hellephant
 30743 | Abyss:3  | Noticed a hellephant
 30744 | Abyss:3  | Noticed a tentacled starspawn
 30884 | Abyss:3  | Noticed a tentacled starspawn
 31012 | Abyss:3  | Noticed an Executioner
 31020 | Abyss:3  | Killed an Executioner
 31154 | Abyss:3  | HP: 7/146 [white ugly thing (30)]
 31154 | Abyss:3  | Mangled by a white very ugly thing

Levels and vault maps discovered:
D:1:      dpeg_arrival_windows_large_door, layout_basic
D:2:      layout_loops_ring, old_standard_altar,
          lemuel_zombie_altar_yredelemnul, led_sif_pool, dk_noncrumbling_2,
          tgw_kikubaaqudgha, uniq_sigmund, uniq_natasha
D:3:      layout_loops_cross, lemuel_coloured_pillars_altar,
          lemuel_crystal_altar
D:4:      layout_gridville, serial_shops, nicolae_shop_stone, uniq_pikel
D:5:      layout_loops_ring, first_ration, st_stairs_9
D:6:      layout_layer_cave
D:7:      layout_cave_pods, grunt_temple_overflow_opulence, slow_altar_1,
          elyvilon_altar_4, minmay_temple_entry_slanted
D:8:      minmay_octagon_keep, layout_basic, dpeg_lair_monsters, david_nohive_1,
          hangedman_glass_teeth, david_defended_altar_orc
D:9:      layout_irregular_city, kennysheep_mini_moat, basic_altar
D:10:     layout_roguey, orc_0_dummy, serial_shops, shop, nicolae_shop_trees
D:11:     layout_gridville
D:12:     layout_rooms, serial_bayou_pond_e, kennysheep_generic_room_4
D:13:     layout_irregular_city, grunt_vaults_entry_tiered, serial_shops,
          nicolae_shop_overgrown_old_shop, nicolae_shop_waterfront, shop, shop
D:14:     layout_small_grid, bh_walls_and_bars, uniq_snorg
D:15:     gammafunk_depths_entry_grave, layout_basic,
          hangedman_abyss_or_decor_stabs
Temple:   minmay_temple_bridge_abc
Orc:1:    nicolae_orc_accident_3, layout_diamond_mine,
          gammafunk_ghost_fury_of_okawaru, serial_shops,
          nicolae_shop_temple_entry_statues_fountains,
          nicolae_shop_competitors_out_of_business, shop, shop
Orc:2:    st_orc_mages, layout_diamond_mine, nicolae_orc_stony_grotto,
          uniq_maurice
Elf:1:    layout_loops_corners, ebering_ghost_gozag, hangedman_corner_corridor,
          uniq_azrael, uniq_kirke
Elf:2:    layout_geoelf_grid, portal_ice_cave_entry_pillars_1
Elf:3:    minmay_elf_hall_golems, layout_loops_ring,
          infiniplex_enter_wizlab_glasses
Abyss:3:  base: D:3, base: Orc:1, evilmike_abyss_rune_elephants_shrine,
          evilmike_nicolae_abyss_rune_containment_curve,
          evilmike_abyss_exit_plants, lemuel_flamethrower_3,
          nicolae_abyss_rune_left_handed, minivault_1, small_statue_intersection

Skill      XL: |  1  2  3  4  5  6  7  8  9 10 11 12 13 14 15 16 |
---------------+-------------------------------------------------+-----
Armour         | 2 3 4 5 6 7 8 9 |  9.2
Evocations     | 3 4 5 7 9 10 11 12 | 12.8
Fighting       | 3 4 6 7 8 9 |  9.9
Dodging        | 2 3 5 6 7 8 |  8.2
Axes           | 1 6 9 11 12 13 14 15 | 15.6
Shields        | 3 6 7 8 |  8.5
Stealth        | 7 9 10 | 10.2
Long Blades    | |  2.0

Action                   |  1- 3 |  4- 6 |  7- 9 | 10-12 | 13-15 | 16-18 || total
-------------------------+-------+-------+-------+-------+-------+-------++-------
Melee: Dagger            |   110 |   167 |    54 |       |       |       ||   331
       Hand axe          |       |       |   434 |    16 |       |       ||   450
       Whip              |       |       |    98 |    27 |       |       ||   125
       Long sword        |       |       |    66 |       |       |       ||    66
       Battleaxe         |       |       |       |   589 |    17 |       ||   606
       Broad axe         |       |       |       |       |  1009 |   198 ||  1207
       Constrict         |       |       |       |       |   193 |    26 ||   219
Invok: Call Merchant     |       |       |       |     3 |       |       ||     3
 Abil: Spit Poison       |     4 |    19 |     9 |     5 |       |       ||    37
Evoke: Wand              |       |     6 |    10 |    43 |    17 |       ||    76
       Lamp of fire      |       |       |       |     1 |     1 |       ||     2
  Use: Scroll            |       |     1 |    10 |    15 |    11 |     2 ||    39
       Potion            |       |       |     3 |     3 |       |     2 ||     8
 Stab: Sleeping          |     7 |     2 |     7 |     2 |     4 |       ||    22
       Distracted        |     1 |       |     1 |     7 |    10 |     2 ||    21
       Paralysed         |       |       |       |    16 |    10 |       ||    26
       Confused          |       |       |       |     2 |       |       ||     2
  Eat: Chunk             |     2 |     8 |    12 |       |       |       ||    22
       Ration            |       |       |     2 |     6 |     8 |     1 ||    17
Armor: Robe              |     6 |    14 |       |       |       |       ||    20
       Leather armour    |     6 |    17 |   233 |    51 |       |       ||   307
       Ring mail         |       |    23 |    57 |       |       |       ||    80
       Chain mail        |       |       |       |   486 |   515 |       ||  1001
       Skin              |       |       |       |    26 |       |       ||    26
       Scale mail        |       |       |       |       |   149 |   117 ||   266
Dodge: Dodged            |    47 |    52 |   311 |   230 |   172 |    42 ||   854
       Deflected         |       |     1 |     4 |       |       |       ||     5
Block: Shield            |       |       |       |       |   305 |       ||   305
       Large shield      |       |       |       |       |   249 |   150 ||   399
       Rpst.: Long sword |       |       |    10 |       |       |       ||    10
